 Dungeon Crawl Stone Soup version 0.28-a0-465-ge2dae52223 (webtiles) character file.

Game seed: 3873239654472456236

483 omnomnOMINOUS the Ducker (level 7, 0/48 HPs)
             Began as an Octopode Wanderer on Sept 15, 2021.
             Slain by Edmund (12 damage)
             ... on level 4 of the Dungeon.
             The game lasted 00:09:29 (4728 turns).

omnomnOMINOUS the Ducker (Octopode Wanderer)        Turns: 4728, Time: 00:09:30

Health: 0/48       AC:  1    Str: 13    XL:     7   Next: 12%
Magic:  12/12      EV: 14    Int: 15    God:
Gold:   59         SH:  0    Dex: 11    Spells: 11/13 levels left

rFire   . . .      SeeInvis .   b - +0 arbalest (freeze)
rCold   . . .      Faith    .   (shield currently unavailable)
rNeg    . . .      Spirit   .   (helmet restricted)
rPois   .          Reflect  .   (no amulet)
rElec   .          Harm     .   (no ring)
rCorr   .          Rampage  .   (no ring)
Will    .....                   (no ring)
Stlth   +++.......              (no ring)
HPRegen 0.16/turn               (no ring)
MPRegen 0.13/turn               (no ring)
                                (no ring)
                                (no ring)

@: no status effects
A: almost no armour, amphibious, 8 rings, camouflage 1, gelatinous body 1,
(nimble swimmer 1), tentacles
a: no special abilities


You were on level 4 of the Dungeon.
You visited 1 branch of the dungeon, and saw 5 of its levels.

You collected 216 gold pieces.
You spent 157 gold pieces at shops.

Inventory:

Hand Weapons
 a - a +0 long sword
 b - a +0 arbalest of freezing (weapon)
 c - a +2 hand crossbow
Missiles
 e - 31 bolts (quivered ammo)
Jewellery
 h - an amulet of faith
Scrolls
 f - a scroll of enchant weapon {unknown}
 g - 2 scrolls of teleportation {unknown}
 i - a scroll of noise {unknown}
 j - 2 scrolls of identify {unknown}
 k - a scroll of summoning {unknown}
 n - a scroll of enchant armour {unknown}
 p - 2 scrolls of amnesia {unknown}
 r - a scroll of magic mapping {unknown}
Potions
 d - 2 potions of lignification
 l - 3 potions of curing
 m - 2 potions of brilliance {unknown}
 o - a potion of mutation {unknown}
 q - a potion of invisibility {unknown}


   Skills:
 + Level 4.2 Fighting
 - Level 2.0 Axes
 - Level 4.0 Crossbows
 - Level 1.0 Throwing
 + Level 4.2 Dodging
 - Level 1.3 Stealth
 * Level 3.6 Spellcasting


You had 11 spell levels left.
You knew the following spells:

 Your Spells              Type           Power      Damage    Failure   Level
a - Blink                 Tloc           N/A        N/A       28%         2

Your spell library contained the following spells:

 Spells                   Type           Power      Damage    Failure   Level
 Gell's Gravitas          Tloc           1%         N/A       50%         3
 Lesser Beckoning         Tloc           2%         N/A       50%         3
 Summon Guardian Golem    Hex/Summ       2%         N/A       50%         3
 Teleport Other           Tloc           2%         N/A       50%         3
 Manifold Assault         Tloc           2%         N/A       99%         5
 Dispersal                Tloc           1%         N/A       100%        6
 Orb of Destruction       Conj           1%         N/A       100%        7
 Spellforged Servitor     Conj/Summ      1%         N/A       100%        7


Dungeon Overview and Level Annotations

Branches:
Dungeon (5/15)
 Temple: D:4-7

Altars:

Shops:
D:1 (   D:4 (

Annotations:
D:4 Edmund


Innate Abilities, Weirdness & Mutations

You cannot wear most types of armour.
You are amphibious.
You can wear up to eight rings at the same time.
Your skin changes colour to match your surroundings (Stealth+).
Your rubbery body absorbs attacks. (AC +1, EV +1)
((You are camouflaged near water. (Stealth+)))
You have tentacles for arms and can constrict up to eight enemies at once.


Message History

Casting: Blink (dangerous; 28% risk of failure)
Confirm with . or Enter, or press ? or * to list all spells.
You blink.
You shoot a bolt. The bolt hits the wight!!
The bolt freezes the wight.
You destroy the wight!
No target in view!
Unknown command.
e - 37 bolts (gained 1)
Things that are here:
a +0 dagger; a +0 robe You start resting.
HP restored.
Done exploring.
Edmund is nearby!
You can't go down here!
You shoot a bolt.
Edmund shouts!
The bolt hits Edmund.
The bolt freezes Edmund.
Edmund is moderately wounded.
You shoot a bolt. The bolt hits Edmund!
The bolt freezes Edmund.
Edmund is moderately wounded.
You shoot a bolt. The bolt hits Edmund!
The bolt freezes Edmund.
Edmund is severely wounded.
You shoot a bolt.
The bolt hits Edmund but does no damage.
Edmund is severely wounded.
Edmund hits you with a +2 vorpal flail!
You shoot a bolt.
The bolt hits Edmund but does no damage.
Edmund is severely wounded.
Edmund hits you with a +2 vorpal flail! Edmund closely misses you.
You are too injured to fight recklessly!
Fire: 32 bolts
Press: ? - help, Q - select action, (/) - cycle Shift-Dir - straight line, f/p - Edmund
Aim: Edmund, wielding a +2 vorpal flail and wearing a +0 scale mail (severely wounded, 64% to hit)
You shoot a bolt. The bolt barely misses Edmund.
Edmund hits you with a +2 vorpal flail!
* * * LOW HITPOINT WARNING * * *
x2 Edmund hits you with a +2 vorpal flail!
You die...

#.....######...#....###.#.≈≈≈≈≈.
####..............#.....#∩≈≈≈≈≈.
##.#.####..###...##..#.≈≈≈≈≈.
#.#.# #..##........#..≈≈≈..
#.#.####..##.#####..#≈.....#
#.....##..##.#####..########
#.....##..##.........#
#.>..........######..#
#.....##((@@.........#
#.....#####..######.## ###.###
#..# #.# ### #.# #..# #.# ##..
##.# #..# #.# #... #..# #..# #.#
#... #.## #..######.#####... #.#
#................. #.#
#.#########.......


You could see Edmund.

Vanquished Creatures
  An ice beast (D:5)
  An ogre (D:4)
  A water moccasin zombie (D:5)
  3 wights
  An iguana (D:4)
  A hound skeleton (D:4)
  4 adders
  3 worms
  2 dart slugs
  2 orcs
  6 bats
  3 endoplasms
  2 giant cockroaches
  5 goblins
  A hobgoblin (D:2)
  5 ball pythons
  5 frilled lizards
  7 kobolds
  5 rats
58 creatures vanquished.

Notes
Turn   | Place    | Note
-------+----------+-------------------------------------------
     0 | D:1      | omnomnOMINOUS the Octopode Wanderer began the quest for the
                  | Orb.
     0 | D:1      | omnomnOMINOUS set off with the following items: a +2 hand
                  | crossbow, 21 bolts, a potion of curing, a potion of
                  | lignification
     0 | D:1      | Reached XP level 1. HP: 14/14 MP: 1/1
    31 | D:1      | Reached skill level 1 in Dodging
   169 | D:1      | Reached XP level 2. HP: 19/19 MP: 2/2
   472 | D:1      | Found Egiedd's Antique Weapon Shoppe.
   903 | D:2      | Reached XP level 3. HP: 21/24 MP: 3/3
  2669 | D:3      | Reached XP level 4. HP: 30/30 MP: 4/4
  3044 | D:1      | Bought a runed arbalest for 157 gold pieces
  3282 | D:4      | Learned a level 2 spell: Blink
  3362 | D:4      | Noticed Edmund
  3552 | D:4      | Reached skill level 1 in Spellcasting
  3552 | D:4      | Reached XP level 5. HP: 11/36 MP: 6/6
  3763 | D:4      | Found Yjysiem's Antique Weapon Boutique.
  4300 | D:4      | Noticed an ogre
  4303 | D:4      | Killed an ogre
  4408 | D:5      | Entered Level 5 of the Dungeon
  4430 | D:5      | Reached XP level 6. HP: 33/43 MP: 8/10
  4467 | D:5      | Noticed an ice beast
  4469 | D:5      | Killed an ice beast
  4541 | D:5      | Reached XP level 7. HP: 24/48 MP: 10/12
  4728 | D:4      | Slain by Edmund

Illustrated notes

Levels and vault maps discovered:
D:1:      lemuel_arrival_rhombus, layout_basic, serial_shops,
          nicolae_shop_crystal, due_unseen_surprise
D:2:      layout_basic, serial_bayou_pond_e
D:3:      cheibrodos_helix_gallery, layout_basic
D:4:      layout_loops_ring, serial_shops, nicolae_lakefront_shop,
          kennysheep_donut, uniq_edmund
D:5:      layout_loops_ring, minmay_temple_entry_sparse_star,
          kennysheep_generic_room_11

Skill      XL: |  1  2  3  4  5  6 |
---------------+-------------------+-----
Dodging        | 1 2 3 4 |  4.2
Fighting       | 3 4 |  4.2
Spellcasting   | 1 2 3 |  3.6
Axes           | |  2.0
Crossbows      | |  4.0
Throwing       | |  1.0
Stealth        | |  1.3

Action                   |  1- 3 |  4- 6 |  7- 9 || total
-------------------------+-------+-------+-------++-------
Melee: Constrict         |    19 |     9 |       ||    28
       Club              |     7 |       |       ||     7
       Tentacles         |     8 |     4 |       ||    12
       Dagger            |    41 |       |       ||    41
       Long sword        |     5 |    35 |       ||    40
 Fire: Hand crossbow     |    24 |       |       ||    24
       Arbalest          |       |    30 |     7 ||    37
 Cast: Blink             |       |       |     1 ||     1
 Stab: Sleeping          |    10 |     5 |       ||    15
Armor: Skin              |     5 |     4 |       ||     9
Dodge: Dodged            |    31 |    35 |     2 ||    68

Table legend: (Time is in decaauts)
 A = Elapsed time spent in this place.
 B = Non-inter-level travel time spent in this place.
 C = Inter-level travel time spent in this place.
 D = Time resting spent in this place.
 E = Time spent auto-exploring this place.
 F = Levels seen in this place.
 G = Mean time per level.
                   A        B        C        D        E       F      G
               +--------+--------+--------+--------+--------+-----+--------+
         Total |   4768 |   4376 |    392 |    653 |   3120 |   5 |  953.6 |
       Dungeon |   4768 |   4376 |    392 |    653 |   3120 |   5 |  953.6 |
               +--------+--------+--------+--------+--------+-----+--------+

Top non-repeatable levels by time:
     D:2: 1412 daAuts
     D:4: 1406 daAuts
     D:3: 900 daAuts
     D:1: 896 daAuts
     D:5: 153 daAuts
